 Dungeon Crawl Stone Soup version 0.14-a0-2632-gd2f732a (webtiles) character file.

90281 4tharraofdagon the Fencer (level 15, -8/122 HPs)
             Began as a Djinni Fighter on Feb 15, 2014.
             Was a Believer of Lugonu.
             Killed from afar by an ice dragon (48 damage)
             ... with a blast of cold
             ... on Level 16 of the Dungeon on Feb 16, 2014.
             The game lasted 02:51:37 (19643 turns).

4tharraofdagon the Fencer (Djinni Fighter)         Turns: 19643, Time: 02:51:38

HP  -8/122       AC  9     Str 24      XL: 15   Next: 49%
MP   0/0         EV 16     Int 12      God: Lugonu [**....]
Gold 751         SH 10     Dex 14      Spells:  6 memorised,  7 levels left

rFire  + + +     SeeInvis .     t - +5,+3 bastard sword (freeze)
rCold  . . .     Clarity  .     R - +0 troll leather armour
rNeg   + + +     Conserve .     p - +0 buckler
rPois  .         rCorr    .     B - +1 hat
rElec  +         rRot     .     D - +0 cloak
SustAb . .       Spirit   .     f - +0 pair of gloves
rMut   .         Warding  .     (boots unavailable)
Gourm  +         Stasis   .     Q - amulet "Uma Nurph" {Gourm rElec Str+4}
MR     +....                    H - ring of wizardry
                                s - ring of protection from cold

@: flying, very slightly contaminated, somewhat resistant to hostile
enchantments, quite stealthy
A: fire immunity, cold vulnerability, repulsion field 1, clever 1, life
protection 3
a: Depart the Abyss, Bend Space, Renounce Religion


You were on level 16 of the Dungeon.
You worshipped Lugonu.
Lugonu was pleased with you.
You were not hungry.

You visited 4 branches of the dungeon, and saw 31 of its levels.
You visited the Abyss 5 times.
You also visited: Ossuary and Ice Cave.

You collected 3171 gold pieces.
You spent 2420 gold pieces at shops.

Inventory:

Hand weapons
 c - the +3 blowgun of Resourcefulness {evade, Str+3 Dex+3}
   (You found it on level 4 of the Lair of Beasts)

   It affects your evasion (+5 to EV).
   It affects your strength (+3).
   It affects your dexterity (+3).
 t - a +5,+3 bastard sword of freezing (weapon)
 z - a +1,+1 bastard sword of slicing
 O - a +4,+5 quick blade of stabbing
Missiles
 w - 2 needles of sleeping
 N - 5 javelins (quivered)
Armour
 f - a +0 pair of gloves (worn)
 p - a +0 buckler (worn)
 B - a +1 hat (worn)
 D - a +0 cloak (worn)
 R - a +0 troll leather armour (worn)
Magical devices
 a - a wand of digging (6)
 k - a wand of disintegration (7)
 q - a wand of digging (6)
 u - a wand of teleportation (5)
 x - a wand of paralysis (5)
 A - a wand of heal wounds (6)
 C - a wand of fire (6)
 L - a wand of paralysis (3)
 X - a wand of teleportation (7)
Jewellery
 d - an uncursed amulet of resist corrosion {unknown}
 g - a +6 ring of evasion
 r - an uncursed ring of sustenance {unknown}
 s - a ring of protection from cold (left hand)
 H - a ring of wizardry (right hand)
 J - a +5 ring of protection
 Q - the amulet "Uma Nurph" (around neck) {Gourm rElec Str+4}
   (You took it off a deep elf annihilator on level 3 of the Elven Halls)

   [amulet of the gourmand]

   It affects your strength (+4).
   It insulates you from electricity.
 T - an uncursed ring of see invisible
Books
 e - a book of the Sky

   Spells                             Type                      Level
   Flight                             Charms/Air                   3
   *Airstrike                         Air                          4
   Silence                            Hexes/Air                    5
   Deflect Missiles                   Charms/Air                   6
   Conjure Ball Lightning             Conjuration/Air              6
   Tornado                            Air                          9
 v - a book of the Warp

   Spells                             Type                      Level
   Recall                             Summoning/Translocation      3
   Control Teleport                   Charms/Translocation         4
   Phase Shift                        Translocation                5
   Warp Weapon                        Charms/Translocation         5
   Dispersal                          Translocation                6
   Controlled Blink                   Translocation                7
   Disjunction                        Translocation                8
 E - a book of Enchantments

   Spells                             Type                      Level
   Cause Fear                         Hexes                        4
   Silence                            Hexes/Air                    5
   Tukima's Dance                     Hexes                        5
   Deflect Missiles                   Charms/Air                   6
   Haste                              Charms                       6
   Discord                            Hexes                        8
 K - a tome of Destruction
 V - a Necronomicon {highlevel}

   This book is beyond your current level of understanding.

   Spells                             Type                      Level
   Haunt                              Necromancy/Summoning         7
   Borgnjor's Revivification          Necromancy                   8
   Death's Door                       Charms/Necromancy            8
   Necromutation                      Transmutation/Necromancy     8
Magical staves
 G - an uncursed staff of energy
Miscellaneous
 b - a phial of floods (inert)
 y - a phial of floods (inert)
 I - a fan of gales


   Skills:
 + Level 7.5 Fighting
 - Level 10.5 Short Blades
 * Level 16.0 Long Blades
 + Level 9.2 Armour
 - Level 5.0 Dodging
 - Level 10.4 Stealth
 - Level 4.1 Shields
 - Level 4.3 Spellcasting
 - Level 4.0 Conjurations
 + Level 2.4 Translocations
 - Level 4.6 Fire Magic
 - Level 9.0 Air Magic
 - Level 4.6 Invocations
 + Level 4.0 Evocations


You had 7 spell levels left.
You knew the following spells:

 Your Spells              Type           Power        Failure   Level  Hunger
a - Conjure Flame         Conj/Fire      ##......     5%          3    ###....
b - Airstrike             Air            ###.......   2%          4    ####...
c - Sticky Flame          Conj/Fire      ##......     17%         4    ####...
d - Apportation           Tloc           #.........   3%          1    None
e - Blink                 Tloc           N/A          5%          2    ##.....
f - Summon Butterflies    Summ           #.......     10%         1    None


Dungeon Overview and Level Annotations

Branches:
Dungeon (16/16)               Orc (4/4) D:10            Elf (3/3) Orc:3
   Lair (8/8) D:8           Slime (0/6) Lair:8
 Temple: D:4-7        Swamp: Lair:3-6    Shoals: Lair:3-6     Snake: Lair:3-6
 Spider: Lair:3-6    Vaults: D:14-15     Depths: D:16

Altars:
Ashenzari
Makhleb
Okawaru
Sif Muna
Trog
Xom

Shops:
D:10 (   D:12 /   Orc:1 /   Orc:4 !!?%   Elf:2 /   Elf:3 :

Annotations:
D:2 Crazy Yiuf
Lair:4 SHOALS
Lair:8 exclusion: 5 oklob plants
Abyss:1 Fannar, Psyche


Innate Abilities, Weirdness & Mutations

You are immune to all types of fire, even holy and hellish.
You are vulnerable to cold.
You need no food.
You have no legs.
You are immune to negative energy.
You are surrounded by a mild repulsion field (EV +2).
Your mind is acute. (Int +2)


Message History

Aim: an ice dragon (catching its breath)
You miscast Sticky Flame.
You are very lightly contaminated with residual magic.
You hear a sizzling sound.
The fire dragon breathes flames at you. The blast of flame hits you!
You resist. The ice dragon closely misses you. The ice dragon claws you!
The ice dragon completely misses you.
Unknown command.
Casting: Sticky Flame
Confirm with . or Enter, or press ? or * to list all spells.
Aiming: Sticky Flame
Press: ? - help, Shift-Dir - straight line, f/p - ice dragon
Aim: an ice dragon (catching its breath)
You miscast Sticky Flame.
You hear a sizzling sound.
The fire dragon bites you! The fire dragon claws you.
The fire dragon closely misses you. The ice dragon breathes frost at you.
The blast of cold hits you!
You die...

...## ...# ###.#####
........ #.#.#.#### #.
#.#......# #. #.#.#.##.#
.##.####.#.#.##D######
...........#.#.@D!...#
#.........#.#######.#
#.......#.#.# ####.###.##
#.......#.#.. ##...D.....#
#...#'###+#####..#..######
#...........##...D..#
#....<......#..8.##.#
#...........#.....#.#
#...........#.##?...#


You could see a fire dragon and an ice dragon.

Vanquished Creatures
  A tentacled monstrosity (Abyss:1)
  A deep elf blademaster (Elf:3)
  Maud (D:16)
  4 deep elf sorcerers (Elf:3)
  Louise (Elf:2)
  6 deep elf demonologists (Elf:3)
  7 deep elf annihilators (Elf:3)
  3 deep elf death magi (Elf:3)
  An ettin (Orc:3)
  A deep elf high priest (Elf:3)
  Nessos (Orc:3)
  20 death yaks (Lair:8)
  3 orc high priests (Orc:4)
  3 catoblepae
  A spectral elf (Elf:3)
  3 ice devils (IceCv)
  A large abomination (IceCv)
  A hill giant (D:12)
  An ice statue (IceCv)
  3 orc knights (Orc:4)
  A deep elf summoner (Elf:2)
  3 deep elf conjurers
  4 orc sorcerers (Orc:4)
  2 griffons (Lair:8)
  A sixfirhy (Elf:3)
  A manticore (D:9)
  6 elephants (Lair:5)
  Maurice (Orc:4)
  An orange demon (Elf:3)
  5 anaconda simulacra (IceCv)
  3 deep elf priests
  A hellwing (Elf:3)
  8 blink frogs
  A wolf spider simulacrum (IceCv)
  4 freezing wraiths
  3 trolls
  6 slime creatures
  A basilisk (D:8)
  3 deep elf magi
  A griffon skeleton (D:10)
  A redback (Elf:1)
  A death yak simulacrum (IceCv)
  An ugly thing (D:16)
  4 wyverns
  A chaos spawn (Elf:3)
  A hill giant zombie (D:12)
  3 wolves (Orc:4)
  A harpy simulacrum (IceCv)
  8 hippogriffs
  A hungry ghost (D:9)
  Grum (Orc:4)
  29 yaks
  3 deep elf fighters (Elf:1)
  2 dire elephant simulacra (IceCv)
  A neqoxec (Elf:3)
  2 vampire mosquitoes (D:12)
  An iron troll simulacrum (IceCv)
  A mottled dragon (D:16)
  3 porcupines
  A hydra simulacrum (IceCv)
  4 ice beasts
  A black bear (D:9)
  A giant goldfish (Lair:4)
  3 phantoms
  13 orc warriors
  3 sky beasts
  5 centaurs
  2 ettin simulacra (IceCv)
  11 crocodiles
  4 ogres
  4 spriggan simulacra (IceCv)
  7 wargs
  13 giant frogs
  9 giant slugs
  11 water moccasins
  4 agate snails
  A troll zombie (D:13)
  12 killer bees
  An elephant simulacrum (IceCv)
  2 jellyfish
  A lava snake (D:12)
  8 crimson imps
  11 wights
  A draconian simulacrum (IceCv)
  7 hounds
  An iron imp (Abyss:1)
  A big fish (Lair:4)
  22 orc priests
  3 iguanas
  2 jellies
  A quasit (D:7)
  A polar bear simulacrum (IceCv)
  Natasha (D:6)
  18 orc wizards
  A worker ant (D:7)
  3 troll simulacra (IceCv)
  2 centaur simulacra (IceCv)
  3 sheep (Lair:8)
  A wolf simulacrum (IceCv)
  A big kobold zombie (D:8)
  Ijyb (D:2)
  An ogre skeleton (D:7)
  2 big kobold skeletons
  3 hound skeletons
  2 mummies
  22 adders
  A giant centipede (D:10)
  6 naga simulacra (IceCv)
  61 green rats
  7 white imps (IceCv)
  5 giant mites
  2 ufetubi (IceCv)
  A giant eyeball (D:8)
  6 giant geckos
  An ooze (D:6)
  114 orcs
  10 bats
  A giant cockroach (D:1)
  11 hobgoblins
  11 jackals
  2 quokkas
  A giant newt (D:1)
  5 gnoll skeletons (Ossuary)
  15 goblins
  A goblin zombie (D:5)
  8 kobolds
  5 kobold skeletons (Ossuary)
  2 kobold zombies
  15 orc skeletons (Ossuary)
  An orc zombie (D:10)
  11 rats
719 creatures vanquished.

Vanquished Creatures (collateral kills)
  A deep elf sorcerer (Elf:3)
1 creature vanquished.

Vanquished Creatures (others)
  2 tentacled starspawn (Elf:3)
  4 deep elf sorcerers (Elf:3)
  4 deep elf demonologists (Elf:3)
  7 deep elf annihilators (Elf:3)
  2 blizzard demons (IceCv)
  3 deep elf high priests (Elf:3)
  3 hydras
  A catoblepas (Lair:8)
  An unseen horror (IceCv)
  A spatial maelstrom (IceCv)
  3 deep elf summoners
  2 orc knights (Orc:4)
  2 deep elf conjurers (Elf:3)
  A griffon (D:13)
  2 hill giants (D:12)
  A fire giant zombie (Elf:3)
  3 black mambas
  5 spiny frogs
  A smoke demon (Elf:3)
  A freezing wraith (Elf:1)
  4 raiju
  A demonic crawler (IceCv)
  2 anaconda simulacra (IceCv)
  4 komodo dragons
  A slime creature (D:12)
  An ice dragon zombie (Elf:3)
  2 ynoxinuls (Elf:3)
  A deep elf mage (Elf:3)
  A flying skull (Elf:3)
  4 starcursed masses (IceCv)
  2 fire bats
  A chaos spawn (IceCv)
  A deep elf fighter (Elf:3)
  A vampire mosquito (D:12)
  A neqoxec (Elf:3)
  A death yak simulacrum (IceCv)
  A hydra simulacrum (IceCv)
  A porcupine (Lair:5)
  2 orc warriors
  A yellow wasp (D:10)
  3 ice beasts
  7 small abominations
  An ogre (D:12)
  2 rotting devils (Elf:3)
  A killer bee (D:11)
  An iron imp (IceCv)
  An orc priest (D:11)
  2 orange rats (Elf:3)
  A mummy (D:11)
  A lemure (IceCv)
  15 ufetubi
  7 fungi
  3 plants (Lair:8)
  11 starspawn tentacles (Elf:3)
  285 starspawn tentacle segments (Elf:3)
423 creatures vanquished.

Grand Total: 1143 creatures vanquished

Notes
Turn   | Place    | Note
--------------------------------------------------------------
     0 | D:1      | 4tharraofdagon, the Djinni Fighter, began the quest for the Orb.
     0 | D:1      | Reached XP level 1. HP: 16/16 MP: 0/0
   171 | D:2      | Noticed Ijyb
   195 | D:2      | Killed Ijyb
   195 | D:2      | Reached skill level 1 in Dodging
   195 | D:2      | Reached XP level 2. EP: 16/22
   357 | D:2      | Reached XP level 3. EP: 22/28
   534 | D:2      | Noticed Crazy Yiuf
   548 | D:2      | Cast into the Abyss (Crazy Yiuf)
   618 | Abyss:1  | Noticed a starcursed mass
   620 | Abyss:2  | Found a corrupted altar of Lugonu.
   626 | Abyss:2  | Became a worshipper of Lugonu the Unformed
   626 | Abyss:2  | Acquired Lugonu's first power
   663 | Abyss:2  | Noticed a large abomination
   681 | Abyss:2  | Noticed a lich
   684 | D:2      | Escaped the Abyss
   868 | D:3      | Noticed a giant frog
   883 | D:3      | Killed a giant frog
   883 | D:3      | Reached XP level 4. EP: 24/35
   905 | D:3      | Reached skill level 4 in Armour
  1059 | D:4      | Reached XP level 5. EP: 21/41
  1085 | D:5      | Entered Level 5 of the Dungeon
  1101 | D:5      | Noticed an ogre
  1123 | D:5      | Killed an ogre
  1148 | D:5      | Found a shattered altar of Ashenzari.
  1296 | D:5      | Noticed a phantom
  1355 | D:5      | Found a sand-covered staircase.
  1380 | Ossuary  | Entered an ossuary
  1380 | Ossuary  | Noticed a guardian mummy
  1380 | Ossuary  | Noticed a guardian mummy
  1380 | Ossuary  | Noticed a guardian mummy
  1573 | Ossuary  | Acquired Lugonu's second power
  1602 | Ossuary  | Noticed a guardian mummy
  1751 | D:5      | Reached XP level 6. EP: 36/49
  1928 | D:6      | Reached skill level 1 in Spellcasting
  1928 | D:6      | Reached skill level 1 in Invocations
  1999 | D:6      | Noticed Natasha
  2012 | D:6      | Killed Natasha
  2116 | D:6      | Reached XP level 7. EP: 43/57
  2187 | D:6      | Reached skill level 5 in Long Blades
  2223 | D:6      | Learned a level 3 spell: Flight
  2296 | D:6      | Acquired Lugonu's third power
  2304 | D:6      | Reached skill level 1 in Air Magic
  2635 | D:7      | Reached XP level 8. EP: 47/68
  2846 | D:8      | Reached skill level 5 in Armour
  2873 | D:8      | Found an iron altar of Okawaru.
  2926 | D:9      | Reached skill level 6 in Long Blades
  2941 | D:9      | Acquired Lugonu's fourth power
  3149 | D:10     | Entered Level 10 of the Dungeon
  3186 | D:10     | Noticed Psyche
  3190 | D:10     | Banished Psyche
  3194 | D:10     | Reached skill level 5 in Air Magic
  3194 | D:10     | Reached XP level 9. EP: 50/77
  3258 | D:10     | Found a staircase to the Orcish Mines.
  3258 | D:10     | Noticed a slime creature
  3258 | D:10     | Noticed a slime creature
  3258 | D:10     | Noticed a slime creature
  3328 | D:10     | Paralysed by a potion of paralysis for 4 turns
  3333 | D:10     | Gained mutation: You have supernaturally acute eyesight. [potion of mutation]
  3333 | D:10     | Gained mutation: You are agile. (Dex +2) [potion of mutation]
  3333 | D:10     | Lost mutation: You are agile. (Dex +2) [potion of mutation]
  3334 | D:10     | Gained mutation: Your body is slowly deteriorating. [potion of mutation]
  3334 | D:10     | Gained mutation: You possess an exceptional clarity of mind. [potion of mutation]
  3334 | D:10     | Gained mutation: Your magical capacity is low (-10% MP). [potion of mutation]
  3335 | D:10     | Lost mutation: Your body is slowly deteriorating. [potion of cure mutation]
  3335 | D:10     | Lost mutation: You possess an exceptional clarity of mind. [potion of cure mutation]
  3335 | D:10     | Lost mutation: Your magical capacity is low (-10% MP). [potion of cure mutation]
  3335 | D:10     | Lost mutation: You have supernaturally acute eyesight. [potion of cure mutation]
  3337 | D:11     | Found a burning altar of Makhleb.
  3393 | D:11     | Reached skill level 5 in Fighting
  3401 | D:11     | Found a bloodstained altar of Trog.
  4011 | D:11     | Reached skill level 7 in Long Blades
  4073 | D:12     | Noticed a hill giant
  4160 | D:12     | Identified a scroll of acquirement
  4308 | D:12     | Noticed a hill giant
  4313 | D:12     | Banished a hill giant
  4313 | D:12     | Reached skill level 1 in Short Blades
  4422 | D:13     | Reached XP level 10. EP: 32/87
  4607 | D:13     | Noticed a griffon
  4612 | D:13     | Banished a griffon
  4694 | D:13     | Noticed a cyclops
  4881 | D:12     | Reached skill level 5 in Short Blades
  4989 | D:12     | Noticed a hill giant
  4992 | D:12     | Banished a hill giant
  5047 | D:12     | Found Skuhaffa's Magical Wand Shoppe.
  5693 | D:8      | Learned a level 4 spell: Airstrike
  5770 | D:8      | Gained mutation: You heal slowly when monsters are visible. [potion of mutation]
  5770 | D:8      | Gained mutation: Your mind is acute. (Int +2) [potion of mutation]
  5770 | D:8      | Gained mutation: You are surrounded by a mild repulsion field (EV +2). [potion of mutation]
  5771 | D:8      | Gained mutation: Your vision is a little blurry. [potion of mutation]
  5771 | D:8      | Lost mutation: Your vision is a little blurry. [potion of mutation]
  5790 | D:8      | Found a staircase to the Lair.
  5813 | D:8      | Reached skill level 1 in Evocations
  5856 | D:8      | Reached XP level 11. EP: 65/97
  6046 | D:8      | Paralysed by a giant eyeball for 3 turns
  6095 | D:9      | Noticed a manticore
  6118 | D:9      | Killed a manticore
  6328 | Lair:1   | Entered Level 1 of the Lair of Beasts
  6604 | Lair:1   | Noticed a five-headed hydra
  6606 | Lair:1   | Banished a five-headed hydra
  6606 | Lair:1   | Reached skill level 8 in Short Blades
  6883 | Lair:3   | Acquired Lugonu's fifth power
  7054 | Lair:3   | Reached skill level 5 in Dodging
  7193 | Lair:4   | Gained mutation: You are frail (-10% HP). [potion of mutation]
  7193 | Lair:4   | Gained mutation: You are resistant to electric shocks. [potion of mutation]
  7193 | Lair:4   | Gained mutation: Your flesh is cold resistant. [potion of mutation]
  7288 | Lair:4   | Reached skill level 1 in Stealth
  7422 | Lair:4   | Got an ancient blowgun
  7433 | Lair:4   | Identified the +3 blowgun of Resourcefulness {evade, Str+3 Dex+3} (You found it on level 4 of the Lair of Beasts)
  7501 | Lair:8   | Entered Level 8 of the Lair of Beasts
  7501 | Lair:8   | Noticed a death yak
  7501 | Lair:8   | Noticed a death yak
  7501 | Lair:8   | Noticed a death yak
  7501 | Lair:8   | Noticed a death yak
  7501 | Lair:8   | Noticed a death yak
  7509 | Lair:8   | Found a staircase to the Slime Pits.
  7746 | Lair:8   | Killed a death yak
  7888 | Lair:8   | Killed a death yak
  7906 | Lair:8   | Killed a death yak
  7918 | Lair:8   | Killed a death yak
  7918 | Lair:8   | Reached skill level 5 in Stealth
  7940 | Lair:8   | Killed a death yak
  7940 | Lair:8   | Reached skill level 9 in Short Blades
  7940 | Lair:8   | Reached XP level 12. EP: 60/95
  8141 | Lair:8   | Noticed a death yak
  8349 | Lair:8   | Noticed a seven-headed hydra
  8357 | Lair:8   | Banished a seven-headed hydra
  8441 | Lair:8   | Noticed a death yak
  8442 | Lair:8   | Noticed a death yak
  8443 | Lair:8   | Noticed a death yak
  8495 | Lair:8   | Killed a death yak
  8505 | Lair:8   | Killed a death yak
  8513 | Lair:8   | Killed a death yak
  8549 | Lair:8   | Killed a death yak
  8699 | Lair:8   | Noticed a catoblepas
  8750 | Lair:8   | Killed a catoblepas
  8778 | Lair:8   | Noticed a death yak
  8778 | Lair:8   | Noticed a death yak
  8838 | Lair:8   | Killed a death yak
  8996 | Lair:8   | Killed a death yak
  8996 | Lair:8   | Reached skill level 10 in Short Blades
  9146 | Lair:8   | Noticed a death yak
  9146 | Lair:8   | Noticed a death yak
  9146 | Lair:8   | Noticed a death yak
  9146 | Lair:8   | Noticed a death yak
  9206 | Lair:8   | Killed a death yak
  9298 | Lair:8   | Killed a death yak
  9380 | Lair:8   | Killed a death yak
  9451 | Lair:8   | Killed a death yak
  9451 | Lair:8   | Reached XP level 13. EP: 84/101
  9487 | Lair:8   | Noticed a death yak
  9533 | Lair:8   | Killed a death yak
  9585 | Lair:8   | Noticed a catoblepas
  9614 | Lair:8   | Noticed a death yak
  9615 | Lair:8   | Noticed a death yak
  9615 | Lair:8   | Banished a catoblepas
  9678 | Lair:8   | Killed a death yak
  9709 | Lair:8   | Noticed a death yak
  9725 | Lair:8   | Noticed a death yak
  9833 | Lair:8   | Killed a death yak
  9993 | Lair:8   | Killed a death yak
 10124 | Lair:8   | Killed a death yak
 10298 | Lair:8   | Noticed a catoblepas
 10374 | Lair:8   | Killed a catoblepas
 10602 | Lair:7   | Reached skill level 10 in Stealth
 10764 | Lair:7   | Noticed a four-headed hydra
 10768 | Lair:7   | Banished a four-headed hydra
 10865 | Lair:7   | Noticed a seven-headed hydra
 10869 | Lair:7   | Banished a seven-headed hydra
 11240 | Lair:5   | Noticed a catoblepas
 11246 | Lair:5   | Found a shimmering altar of Xom.
 11273 | Lair:5   | Killed a catoblepas
 11991 | D:10     | Killed a slime creature
 11994 | D:10     | Found Omefux's Weapon Shop.
 12051 | D:10     | Killed a slime creature
 12060 | D:10     | Killed a slime creature
 12070 | D:10     | Noticed a troll
 12137 | D:10     | Killed a troll
 12264 | Orc:1    | Entered Level 1 of the Orcish Mines
 12267 | Orc:1    | Found Hinwonuode's Magical Wand Emporium.
 12326 | D:10     | Reached skill level 10 in Long Blades
 12622 | Orc:1    | Found a bloodstained altar of Trog.
 13092 | Orc:3    | Noticed Nessos
 13108 | Orc:3    | Killed Nessos
 13128 | Orc:4    | Entered Level 4 of the Orcish Mines
 13225 | Orc:4    | Reached skill level 11 in Long Blades
 13501 | Orc:4    | Noticed Grum
 13520 | Orc:4    | Killed Grum
 13752 | Orc:4    | Reached XP level 14. EP: 86/107
 13925 | Orc:4    | Reached skill level 12 in Long Blades
 14260 | Orc:4    | Found Robaoh's Distillery.
 14260 | Orc:4    | Found Pamuxton's Distillery.
 14261 | Orc:4    | Found Woxaulal's Food Boutique.
 14261 | Orc:4    | Found Zaupp's Magic Scroll Boutique.
 14271 | Orc:4    | Bought a potion of mutation for 30 gold pieces
 14284 | Orc:4    | Bought a potion of beneficial mutation for 630 gold pieces
 14284 | Orc:4    | Bought a potion of heal wounds for 54 gold pieces
 14284 | Orc:4    | Bought a potion of agility for 45 gold pieces
 14284 | Orc:4    | Bought a potion of might for 45 gold pieces
 14284 | Orc:4    | Bought 2 potions of brilliance for 90 gold pieces
 14284 | Orc:4    | Bought a potion of curing for 36 gold pieces
 14284 | Orc:4    | Bought a potion of curing for 36 gold pieces
 14284 | Orc:4    | Bought 2 potions of curing for 72 gold pieces
 14285 | Orc:4    | Lost mutation: You are frail (-10% HP). [potion of mutation]
 14290 | Orc:4    | Gained mutation: Your mind is very acute. (Int +4) [potion of beneficial mutation]
 14301 | Orc:4    | Bought a potion of curing for 20 gold pieces
 14301 | Orc:4    | Bought a potion of resistance for 70 gold pieces
 14301 | Orc:4    | Bought a potion of curing for 20 gold pieces
 14301 | Orc:4    | Bought a potion of curing for 20 gold pieces
 14301 | Orc:4    | Bought 2 potions of resistance for 140 gold pieces
 14301 | Orc:4    | Bought a potion of curing for 20 gold pieces
 14304 | Orc:4    | Bought a scroll of magic mapping for 38 gold pieces
 14304 | Orc:4    | Bought a scroll of enchant weapon I for 60 gold pieces
 14366 | Orc:4    | Noticed Maurice
 14383 | Orc:4    | Killed Maurice
 14586 | Orc:3    | Noticed Fannar
 14592 | Orc:3    | Banished Fannar
 14658 | Orc:3    | Found a staircase to the Elven Halls.
 14668 | Elf:1    | Entered Level 1 of the Elven Halls
 14715 | Elf:1    | Found a deep blue altar of Sif Muna.
 14774 | Elf:1    | Learned a level 3 spell: Conjure Flame
 14832 | Elf:1    | Reached skill level 1 in Fire Magic
 14880 | Elf:1    | Reached skill level 1 in Conjurations
 15002 | Elf:1    | Found a frozen archway.
 15008 | IceCv    | Entered an ice cave
 15185 | IceCv    | Learned a level 4 spell: Sticky Flame
 15716 | IceCv    | Corrupted IceCv
 15716 | IceCv    | Noticed a lich
 16413 | Elf:2    | Found Umaisiam's Magical Wand Boutique.
 16440 | Elf:3    | Entered Level 3 of the Elven Halls
 16568 | Elf:3    | Found Ushaum's Book Emporium.
 16729 | Elf:3    | Reached skill level 13 in Long Blades
 16761 | Elf:3    | Noticed a cacodemon
 16783 | Elf:3    | Corrupted Elf:3
 16783 | Elf:3    | Noticed a tentacled starspawn
 16783 | Elf:3    | Noticed a bone dragon
 16787 | Elf:3    | Noticed a tentacled starspawn
 16796 | Elf:3    | Killed a deep elf sorcerer
 16806 | Elf:3    | Killed a deep elf sorcerer
 16811 | Elf:3    | Killed a deep elf sorcerer
 16819 | Elf:3    | Killed a tentacled starspawn
 16830 | Elf:3    | Killed a deep elf sorcerer
 16849 | Elf:3    | Noticed a deep elf sorcerer
 16855 | Elf:3    | Killed a tentacled starspawn
 16896 | Elf:3    | Killed a deep elf sorcerer
 17115 | Elf:3    | Noticed a deep elf sorcerer
 17149 | Elf:3    | Killed a deep elf sorcerer
 17149 | Elf:3    | Reached skill level 14 in Long Blades
 17172 | Elf:3    | Noticed a deep elf sorcerer
 17365 | Elf:3    | Cast into the Abyss (deep elf sorcerer)
 17367 | Abyss:1  | Noticed a starcursed mass
 17377 | Abyss:1  | Found a corrupted altar of Lugonu.
 17409 | Abyss:1  | Noticed a purple draconian zealot
 17410 | Elf:3    | Escaped the Abyss
 17416 | Elf:3    | Killed a deep elf sorcerer
 17511 | Elf:3    | Noticed a deep elf sorcerer
 17548 | Elf:3    | Killed a deep elf sorcerer
 17587 | Elf:3    | Noticed a deep elf blademaster
 17595 | Elf:3    | Noticed a deep elf sorcerer
 17607 | Elf:3    | Killed a deep elf blademaster
 17627 | Elf:3    | Killed a deep elf sorcerer
 17740 | Elf:3    | Reached XP level 15. EP: 108/122
 17742 | Elf:3    | Got a faintly glowing jade amulet
 17826 | Elf:3    | Identified the amulet "Uma Nurph" {Gourm rElec Str+4} (You took it off a deep elf annihilator on level 3 of the Elven Halls)
 17870 | Elf:3    | Reached skill level 15 in Long Blades
 17995 | Elf:3    | Got a faintly glowing zirconium amulet
 18127 | Elf:3    | Identified the amulet of Paovul {Faith Dex-3} (You took it off a deep elf demonologist on level 3 of the Elven Halls)
 18181 | Elf:3    | Learned a level 1 spell: Apportation
 18184 | Elf:3    | Learned a level 2 spell: Blink
 18186 | Elf:3    | Learned a level 1 spell: Summon Butterflies
 18210 | Elf:3    | Cast into the Abyss (deep elf demonologist)
 18276 | Abyss:1  | Noticed a tentacled monstrosity
 18313 | Abyss:1  | Noticed a shadow dragon
 18325 | Abyss:1  | Killed a tentacled monstrosity
 18331 | Elf:3    | Escaped the Abyss
 18332 | Elf:3    | Noticed a Shadow Fiend
 18467 | Elf:3    | Cast into the Abyss (deep elf demonologist)
 18546 | Elf:3    | Escaped the Abyss
 18600 | Elf:3    | Reached skill level 1 in Translocations
 18678 | Elf:3    | Got a jewelled ring mail
 18733 | Elf:3    | Identified the +1 ring mail "Joddomeb" {rC+} (You found it on level 3 of the Elven Halls)
 18825 | Elf:2    | Noticed Louise
 18832 | Elf:2    | Cast into the Abyss (Louise)
 18909 | Abyss:2  | Gained mutation: Your magical capacity is low (-10% MP). [a neqoxec]
 18937 | Elf:2    | Escaped the Abyss
 18951 | Elf:2    | Killed Louise
 19003 | Elf:1    | Reached skill level 16 in Long Blades
 19181 | Orc:4    | Bought a potion of cure mutation for 350 gold pieces
 19182 | Orc:4    | Lost mutation: You heal slowly when monsters are visible. [potion of cure mutation]
 19182 | Orc:4    | Lost mutation: Your magical capacity is low (-10% MP). [potion of cure mutation]
 19182 | Orc:4    | Lost mutation: Your flesh is cold resistant. [potion of cure mutation]
 19182 | Orc:4    | Lost mutation: Your mind is very acute. (Int +4) [potion of cure mutation]
 19182 | Orc:4    | Lost mutation: You are resistant to electric shocks. [potion of cure mutation]
 19185 | Orc:4    | Bought a scroll of identify for 22 gold pieces
 19185 | Orc:4    | Bought a scroll of identify for 22 gold pieces
 19310 | D:12     | Killed a hill giant
 19334 | D:12     | Bought a wand of heal wounds (6) for 600 gold pieces
 19456 | D:15     | Entered Level 15 of the Dungeon
 19461 | D:16     | Entered Level 16 of the Dungeon
 19461 | D:16     | Noticed Maud
 19477 | D:16     | Killed Maud
 19643 | D:16     | Killed from afar by an ice dragon

Action                   |  1- 3 |  4- 6 |  7- 9 | 10-12 | 13-15 || total
-------------------------+-------+-------+-------+-------+-------++-------
Melee: Falchion          |    83 |    37 |   281 |       |       ||   401
       Long sword        |       |   169 |   191 |       |       ||   360
       Quick blade       |       |       |    79 |  1556 |   234 ||  1869
       Bastard sword     |       |       |       |       |  1333 ||  1333
 Fire: Blowgun           |       |       |       |    16 |    12 ||    28
Throw: Stone             |     2 |     4 |     4 |       |       ||    10
 Cast: Airstrike         |       |       |       |     1 |       ||     1
       Conjure Flame     |       |       |       |       |    57 ||    57
       Sticky Flame      |       |       |       |       |    22 ||    22
       Apportation       |       |       |       |       |     1 ||     1
Invok: Depart the Abyss  |     1 |       |       |       |     4 ||     5
       Banish            |       |       |    11 |    32 |    24 ||    67
       Corrupt           |       |       |       |       |     2 ||     2
Evoke: Wand              |       |     1 |     8 |    13 |    30 ||    52
       Phial of floods   |       |       |       |       |     3 ||     3
       Staff of energy   |       |       |       |       |    23 ||    23
       Deck              |       |       |       |       |     2 ||     2
       tome              |       |       |       |       |     1 ||     1
  Use: Scroll            |     3 |     5 |     9 |    16 |    29 ||    62
       Potion            |     1 |     3 |     8 |     9 |    23 ||    44
 Stab: Invisible         |       |     5 |       |     5 |       ||    10
       Paralysed         |       |       |     5 |     7 |     3 ||    15
       Sleeping          |       |       |     1 |     2 |     9 ||    12
       Petrified         |       |       |       |       |     2 ||     2
       Distracted        |       |       |       |       |     3 ||     3
